 Dungeon Crawl Stone Soup version 0.29.1-1-gd02db6906a (webtiles) character file.

Game seed: 16479383299625783913

34 raph the Magician (level 3, 0/27 HPs)
             Began as a Djinni Fire Elementalist on Oct 15, 2022.
             Slain by a goblin
             ... wielding a +0 dagger
             ... led by Robin
              (2 damage)
             ... on level 2 of the Dungeon.
             The game lasted 00:02:40 (1971 turns).

raph the Magician (Djinni Fire Elementalist)        Turns: 1971, Time: 00:02:40

Health: 0/27       AC:  3    Str:  7    XL:     3   Next: 50%
Gold:   99         EV: 12    Int: 18    God:
                   SH:  0    Dex: 13

rFire   + + .      SeeInvis .   g - staff of conjuration
rCold   x . .      Faith    .   (no shield)
rNeg    . . .      Spirit   .   a - +0 robe
rPois   ∞          Reflect  .   d - +0 helmet
rElec   .          Harm     .   (no cloak)
rCorr   .          Rampage  .   (no gloves)
Will    .....                   (boots unavailable)
Stlth   ++........              (no amulet)
HPRegen 0.09/turn               (no ring)
MPRegen 0.00/turn               (no ring)

@: flying
A: sickness immunity, fire resistance 2, cold vulnerability 1, float, innate
caster, HP casting, extra vitality 1
a: no special abilities


You were on level 2 of the Dungeon.
You visited 1 branch of the dungeon, and saw 2 of its levels.

You collected 99 gold pieces.

Inventory:

Armour
 a - a +0 robe (worn)
 d - a +0 helmet (worn)
Magical Staves
 g - a staff of conjuration (weapon)
Scrolls
 e - a scroll of identify


   Skills:
 + Level 1.3 Fighting
 - Level 2.1 Dodging
 - Level 1.5 Stealth
 * Level 3.1 Spellcasting


You couldn't memorise any spells.
You knew the following spells:

 Your Spells              Type           Power      Damage    Failure   Level
a - Foxfire               Conj/Fire      84%        2x1d8     4%          1
b - Scorch                Fire           28%        2d6       7%          2
c - Conjure Flame         Conj/Fire      21%        6-21      13%         3
d - Inner Flame           Hex/Fire       14%        N/A       13%         3
e - Flame Wave            Conj/Fire      21%        2d8       41%         4
f - Summon Small Mammal   Summ           56%        N/A       4%          1
Your spell library was empty.

Dungeon Overview and Level Annotations

Branches:
Dungeon (2/15)

Altars:

Shops:
D:1 (

Annotations:
D:2 Robin


Innate Abilities, Weirdness & Mutations

You are immune to sickness and miasma.
You are immune to poison.
Your flesh is very heat resistant. (rF++)
You are vulnerable to cold. (rC-)
You float through the air rather than walking.
You learn spells naturally, not from books.
Your magical power is your life essence.
You have superior vitality. (+4 MHP)


Message History

The hobgoblin's fire resistance burns away.
Robin throws the goblin at you! The goblin misses you.
The goblin closely misses you.
A hobgoblin comes into view.
You barely miss the goblin. The goblin hits you with a +0 club.
The goblin hits you with a +0 dagger.
Casting: Scorch (safe; 7% risk of failure)
Confirm with . or Enter, or press ? or * to list all spells.
Okay, then.
It was a potion of cancellation.
You feel magically purged. The hobgoblin barely misses you.
The goblin hits you with a +0 club. The goblin hits you with a +0 dagger.
It was a potion of magic.
Magic washes over you without effect.
The hobgoblin is no longer more vulnerable to fire.
The hobgoblin misses you. The goblin hits you but does no damage.
The goblin hits you with a +0 dagger.
* * * LOW HITPOINT WARNING * * *
As you read the scroll labelled SEEFRYSTUT, it crumbles to dust.
You hear the tinkle of a tiny bell.
It was a scroll of butterflies.
The hobgoblin barely misses you. The goblin barely misses you.
The goblin hits you with a +0 dagger.
* * * LOW HITPOINT WARNING * * *
As you read the scroll labelled AMIVYNLIRU, it crumbles to dust.
It is a scroll of amnesia.
You feel forgetful for a moment. The hobgoblin misses you.
The goblin closely misses you. The goblin hits you with a +0 dagger.
* * * LOW HITPOINT WARNING * * *
As you read the scroll labelled TIJEBAUMAH, it crumbles to dust.
It is a scroll of identify.
You don't have any unidentified items.
The goblin barely misses you. The goblin closely misses you.
The hobgoblin hits you.
* * * LOW HITPOINT WARNING * * *
Unknown command.
You hit the goblin.
You kill the goblin!
The hobgoblin hits you.
* * * LOW HITPOINT WARNING * * *
The goblin hits you with a +0 dagger.
You die...

###################
#....).............
#.#################
#.# #.#
.#####)########
.....bbg@ggggg..
#..##.########## #.
#


You could see Robin, 4 hobgoblins and a goblin.

Vanquished Creatures
  A worm (D:2)
  An endoplasm (D:1)
  3 giant cockroaches
  5 goblins
  4 hobgoblins
  3 jackals (D:2)
  2 quokkas (D:1)
  3 ball pythons
  3 bats (D:1)
  2 frilled lizards (D:1)
  2 kobolds
  2 rats (D:1)
31 creatures vanquished.

Vanquished Creatures (others)
  63 foxfires
63 creatures vanquished.

Grand Total: 94 creatures vanquished

Notes
Turn   | Place    | Note
-------+----------+-------------------------------------------
     0 | D:1      | raph the Djinni Fire Elementalist began the quest for the
                  | Orb.
     0 | D:1      | raph set off with the following spells memorised: Foxfire,
                  | Scorch, Conjure Flame, Inner Flame, Flame Wave.
     0 | D:1      | Reached XP level 1. HP: 15/15 MP: 0/0
     3 | D:1      | Noticed an electric eel
     4 | D:1      | Noticed an electric eel
    74 | D:1      | Found Ibyomopnom's Antique Weapon Boutique.
   449 | D:1      | Reached XP level 2. HP: 18/22 MP: 0/0
   809 | D:1      | Reached skill level 1 in Fighting
  1324 | D:1      | Reached XP level 3. HP: 26/27 MP: 0/0
  1324 | D:1      | Learned a level 1 spell: Summon Small Mammal
  1336 | D:1      | Reached skill level 3 in Spellcasting
  1962 | D:2      | Noticed Robin
  1971 | D:2      | Slain by a goblin

Illustrated notes

Levels and vault maps discovered:
D:1:      arrival_aquarium_b, layout_basic, serial_shops, shop,
          amcnicky_mini_rare_corridor_liquid, st_stairs_3
D:2:      layout_basic, uniq_robin

Skill      XL: |  1  2  3 |
---------------+----------+-----
Fighting       | 1 |  1.3
Spellcasting   | 3 |  3.1
Dodging        | |  2.1
Stealth        | |  1.5

Action                   || total
-------------------------++-------
Melee: Unarmed           ||     8
       Staff             ||     6
 Cast: Foxfire           ||    38
       Scorch            ||    10
       Conjure Flame     ||     1
  Use: Scroll            ||     3
       Potion            ||     2
Armor: Robe              ||     9
Dodge: Dodged            ||    27
